 Dungeon Crawl Stone Soup version 0.25-a0-10-g2fe12d4386 (webtiles) character file.

Game seed: 862717128036637036, levelgen mode: deterministic

2963 Monsterracer the Grappler (level 9, -2/133 HPs)
             Began as a Troll Abyssal Knight on Oct 15, 2019.
             Was an Elder of Lugonu.
             Slain by a troll (9 damage)
             ... on level 9 of the Dungeon.
             The game lasted 00:12:05 (7158 turns).

Monsterracer the Grappler (Troll Abyssal Knight)    Turns: 7158, Time: 00:12:05

Health: -2/133     AC:  9    Str: 33    XL:     9   Next: 52%
Magic:  11/11      EV:  7    Int:  8    God:    Lugonu [****..]
Gold:   582        SH: 17    Dex: 12    Spells: 8/8 levels left

rFire    . . .     SeeInvis +     - Unarmed
rCold    . . .     Gourm    +   w - +0 large shield
rNeg     . . .     Faith    .   a - +0 robe
rPois    +         Spirit   .   (helmet restricted)
rElec    .         Reflect  .   o - +2 cloak
rCorr    .         Harm     .   (gloves unavailable)
MR       +....                  (boots unavailable)
Stlth    ..........             (no amulet)
HPRegen  0.72/turn              i - +6 ring of strength
MPRegen  0.12/turn              y - ring "Fesypoth" {+Inv rPois MR+ SInv, =R}

@: berserking, very quick
A: large, unfitting armour, claws 3, fast metabolism 3, gourmand, regeneration
1, shaggy fur 1, tough skin 3
a: Depart the Abyss, Bend Space, Banish, Corrupt, Renounce Religion, Evoke
Invisibility


You were on level 9 of the Dungeon.
You worshipped Lugonu.
Lugonu was greatly pleased with you.
You were completely stuffed.

You visited 1 branch of the dungeon, and saw 9 of its levels.
You visited the Abyss 1 time.

You collected 582 gold pieces.

Inventory:

Armour
 a - a +0 robe (worn)
 o - a +2 cloak (worn)
   (You took it off Crazy Yiuf on level 2 of the Dungeon)
 w - a +0 large shield (worn)
   (You found it on level 5 of the Dungeon)
Jewellery
 i - a +6 ring of strength (left claw)
   (You found it on level 1 of the Dungeon)
 y - the ring "Fesypoth" (right claw) {+Inv rPois MR+ SInv, =R}
   (You found it on level 7 of the Dungeon)

   [ring of see invisible]

   It protects you from poison.
   It affects your resistance to hostile enchantments.
   It lets you see invisible.
   It lets you turn invisible.
Wands
 u - a wand of flame (17)
   (You took it off a hobgoblin on level 5 of the Dungeon)
 C - a wand of polymorph (6)
   (You found it on level 8 of the Dungeon)
 E - a wand of enslavement (7)
   (You found it on level 9 of the Dungeon)
Scrolls
 k - 2 scrolls of immolation {!r}
 l - a scroll of enchant armour
 m - a scroll of magic mapping
 p - a scroll of fear {!r}
 r - 3 scrolls of remove curse
 s - a scroll of noise
 t - 2 scrolls of teleportation {!r}
 z - a scroll of fog
 D - a scroll of vulnerability {unknown}
 X - 2 scrolls of blinking
Potions
 b - a potion of brilliance {unknown}
 d - 2 potions of heal wounds
 e - 2 potions of curing
 f - a potion of ambrosia {unknown}
 g - a potion of resistance {unknown}
 h - 2 potions of haste
 j - a potion of might
 n - a potion of lignification
 q - 3 potions of flight
 v - a potion of invisibility
 x - a potion of berserk rage {!q}
 A - a potion of degeneration {unknown}
 B - a potion of mutation {unknown}
Comestibles
 c - 24 rations
 F - 4 chunks of flesh


   Skills:
 + Level 5.6 Fighting
 - Level 1.9 Dodging
 * Level 4.7 Shields
 * Level 9.0 Unarmed Combat
 + Level 4.9 Invocations
 + Level 0.1 Evocations


You had 8 spell levels left.
You didn't know any spells.
Your spell library contained the following spells:

 Spells                   Type           Power        Failure   Level  Hunger
 Animate Skeleton         Necr           N/A          98%         1    ##.....
 Apportation              Tloc           #.....       98%         1    ##.....
 Beastly Appendage        Tmut           #.....       98%         1    ##.....
 Pain                     Necr           #...         98%         1    ##.....
 Summon Butterflies       Summ           #.......     98%         1    ##.....
 Sticks to Snakes         Tmut           #.......     99%         2    ###....
 Lesser Beckoning         Tloc           #.........   100%        3    ####...
 Regeneration             Chrm/Necr      #.........   100%        3    ####...
 Spider Form              Tmut/Pois      #.........   100%        3    ####...
 Static Discharge         Conj/Air       #.......     100%        3    ####...
 Tukima's Dance           Hex            #.......     100%        3    ####...
 Vampiric Draining        Necr           #.........   100%        3    ####...
 Animate Dead             Necr           N/A          100%        4    #####..
 Ice Form                 Ice/Tmut       #.......     100%        4    #####..
 Alistair's Intoxication  Tmut/Pois      #.......     100%        5    ######.
 Blade Hands              Tmut           #.........   100%        5    ######.
 Lightning Bolt           Conj/Air       #.........   100%        5    ######.
 Invisibility             Hex            #.......     100%        6    #######
 Ignition                 Fire           #.........   100%        8    #######
 Shatter                  Erth           #.........   100%        9    #######
 Tornado                  Air            #.........   100%        9    #######


Dungeon Overview and Level Annotations

Branches:
Dungeon (9/15)             Temple (0/1) D:4
   Lair: D:8-11         Orc: D:9-12

Altars:
Cheibriados
Elyvilon
Kikubaaqudgha
Trog
Vehumet
Xom

Shops:
D:4 *

Annotations:
D:4 1 runed translucent door, highc0's ghost, amateur HaWr


Innate Abilities, Weirdness & Mutations

You are too large for most types of armour.
You have claws for hands.
Your metabolism is lightning-fast.
You like to eat raw meat.
Your natural rate of healing is unusually fast.
You are covered in fur. (AC +1)
You have extremely tough skin. (AC +3)


Message History

The orc wizard points at you and mumbles some strange words.
The puff of frost misses you.
You scratch the orc wizard.
The orc wizard is heavily wounded.
The orc wizard looks encouraged for a moment.
The orc wizard hits you but does no damage.
Your shield prevents you from hitting the orc wizard.
The orc wizard is heavily wounded.
The orc wizard gestures at you while chanting.
The puff of flame hits you.
Your shield prevents you from hitting the orc wizard.
The orc wizard is heavily wounded.
You block the orc wizard's attack.
You scratch the orc wizard.
The orc wizard is severely wounded.
You block the orc wizard's attack. x2
You mangle the orc wizard!!
You kill the orc wizard!
Lugonu accepts your kill. You block the orc's attack.
You mangle the orc!!
You kill the orc!
Lugonu accepts your kill.
You claw the orc!
You kill the orc!
Lugonu accepts your kill.
You mangle the orc!!
You kill the orc!
Lugonu accepts your kill.
No target in view!
No target in view!
Items here: )))) [ †††
There is an open door here.
A troll comes into view.
A troll is nearby!
You block the troll's attack. x2; The troll claws you but does no damage.
You scratch the troll.
The troll is lightly wounded.
You block the troll's attack. x2; The troll claws you!
You closely miss the troll.
The troll is lightly wounded.
You block the troll's attack. The troll claws you but does no damage.
You block the troll's attack.
You scratch the troll.
The troll is lightly wounded.
You block the troll's attack. The troll claws you. The troll claws you!
You claw the troll!
The troll is heavily wounded.
You block the troll's attack. The troll claws you but does no damage.
The troll claws you!
You claw the troll!
The troll is severely wounded.
The troll bites you! The troll claws you!
* * * LOW HITPOINT WARNING * * *
You block the troll's attack.
Unknown command.
You scratch the troll.
The troll is severely wounded.
The troll bites you!
* * * LOW HITPOINT WARNING * * *
You block the troll's attack. x2
Unknown command.
You closely miss the troll.
The troll is severely wounded.
You block the troll's attack. The troll claws you.
* * * LOW HITPOINT WARNING * * *
You block the troll's attack.
Unknown command.
Press: ? - help, v - describe, . - travel
Here: a troll (severely wounded)
The floor, spattered with blood.
Unknown command.
Unknown command.
Unknown command.
Unknown command.
You scratch the troll.
The troll is severely wounded.
The troll bites you!
* * * LOW HITPOINT WARNING * * *
The troll claws you.
* * * LOW HITPOINT WARNING * * *
You block the troll's attack.
Really quaff
x - 2 potions of berserk rage {!q}?
A red film seems to cover your vision as you go berserk!
You feel yourself moving faster!
You feel mighty! The troll bites you!
* * * LOW HITPOINT WARNING * * *
You block the troll's attack. x2
Unknown command.
Your shield prevents you from hitting the troll.
The troll is severely wounded.
You claw the troll!
The troll is almost dead.
The troll bites you.
* * * LOW HITPOINT WARNING * * *
You block the troll's attack. x2
Unknown command.
You barely miss the troll.
The troll is severely wounded.
You block the troll's attack. The troll claws you!
You die...

### ############# #
#...........# # #
#...........# # #.
#...##...####... #
...######.T@'...... #
........'...#...... #
........#...#.#.##' #
.......)#####...# #
.....###........# #
...# #.#..##..# # ..
#........############
.
####................>
#.................


You could see a troll.

Vanquished Creatures
  Edmund (D:5)
  An orc warrior (D:9)
  A black bear (D:7)
  An ice beast (D:8)
  2 sky beasts (D:6 D:9)
  3 phantoms (D:8 D:9)
  An eye of draining (D:9)
  2 ogres (D:4 D:7)
  2 centaurs (D:6 D:9)
  A big kobold (D:7)
  3 bullfrogs (D:7 D:8)
  A scorpion (D:8)
  A killer bee (D:7)
  6 howler monkeys (D:7 D:8)
  A crimson imp (D:5)
  2 centaur zombies (D:8 D:9)
  3 hounds (D:7)
  2 quasits (D:7)
  A jelly (D:6)
  Crazy Yiuf (D:2)
  An orc priest (D:4)
  5 orc wizards (D:3 D:4 D:5 D:9)
  4 iguanas (D:5 D:6 D:7 D:8)
  4 worker ants (D:4 D:5 D:7)
  A killer bee zombie (D:6)
  Robin (D:2)
  8 gnolls (D:2 D:7)
  A howler monkey skeleton (D:5)
  16 adders (D:2 D:3 D:4 D:5 D:6)
  A shadow imp (D:9)
  An ooze (D:1)
  2 adder zombies (D:5 D:7)
  2 adder skeletons (D:4 D:7)
  2 worms (D:2 D:5)
  3 dart slugs (D:1 D:2)
  4 leopard geckos (D:1 D:4 D:7)
  31 orcs (D:3 D:4 D:5 D:7 D:8)
  2 ball pythons (D:1 D:5)
  5 giant cockroaches (D:2 D:8)
  11 goblins (D:1 D:2 D:3)
  11 hobgoblins (D:1 D:2 D:3 D:5)
  7 jackals (D:7)
  9 kobolds (D:1 D:2)
  3 quokkas (D:3 D:5 D:7)
  6 bats (D:1 D:2)
  2 frilled lizards (D:2)
  A jackal skeleton (D:4)
  2 leopard gecko skeletons (D:4 D:5)
  A leopard gecko zombie (D:5)
  A quokka skeleton (D:6)
  4 rats (D:1 D:2 D:3)
188 creatures vanquished.

Notes
Turn   | Place    | Note
-------+----------+-------------------------------------------
     0 | Abyss:1  | Monsterracer the Troll Abyssal Knight began the quest for
                  | the Orb.
     0 | Abyss:1  | Reached XP level 1. HP: 22/22 MP: 1/1
     8 | Abyss:1  | Found a blossoming altar of Fedhas.
    19 | D:1      | Escaped the Abyss
   159 | D:1      | Reached XP level 2. HP: 29/29 MP: 2/2
   308 | D:1      | Reached skill level 3 in Unarmed Combat
   429 | D:1      | Reached XP level 3. HP: 36/36 MP: 3/3
   685 | D:2      | Found a bloodstained altar of Trog.
   736 | D:2      | HP: 14/36 [gnoll/+0 halberd (12)]
   745 | D:2      | Reached XP level 4. HP: 17/45 MP: 4/4
   746 | D:2      | HP: 16/45 [adder (2)]
   752 | D:2      | HP: 9/45 [poisoned by an adder]
   758 | D:2      | HP: 17/45 [poisoned by an adder]
   764 | D:2      | HP: 18/45 [poisoned by an adder]
   772 | D:2      | HP: 21/45 [poisoned by an adder]
   922 | D:2      | Found a faded altar of an unknown god.
  1028 | D:2      | Reached ** piety under Lugonu
  1052 | D:2      | Reached skill level 4 in Unarmed Combat
  1316 | D:2      | Noticed Robin
  1321 | D:2      | Reached XP level 5. HP: 50/53 MP: 5/5
  1325 | D:2      | Killed Robin
  1347 | D:2      | Found a runed translucent door.
  1348 | D:2      | Noticed Crazy Yiuf
  1959 | D:2      | Killed Crazy Yiuf
  2254 | D:3      | Reached skill level 5 in Unarmed Combat
  2805 | D:4      | Reached *** piety under Lugonu
  2823 | D:4      | Found a shimmering altar of Xom.
  2826 | D:4      | Reached XP level 6. HP: 62/62 MP: 6/6
  2881 | D:4      | Found a runed translucent door.
  2885 | D:4      | Noticed highc0's ghost (amateur HaWr)
  2908 | D:4      | Found a staircase to the Ecumenical Temple.
  3036 | D:4      | Found an ancient bone altar of Kikubaaqudgha.
  3037 | D:4      | Found a white marble altar of Elyvilon.
  3095 | D:4      | Reached skill level 6 in Unarmed Combat
  3107 | D:4      | Found Yhohijogh's Lightly-Used Armoury.
  3359 | D:5      | Entered Level 5 of the Dungeon
  3412 | D:5      | Noticed Edmund
  3421 | D:5      | Killed Edmund
  3421 | D:5      | Reached XP level 7. HP: 57/70 MP: 7/7
  3431 | D:5      | HP: 35/70 [poisoned by an orc wizard]
  3436 | D:5      | HP: 23/70 [poisoned by an orc wizard]
  3441 | D:5      | HP: 18/70 [poisoned by an orc wizard]
  3446 | D:5      | HP: 16/70 [poisoned by an orc wizard]
  3452 | D:5      | HP: 16/70 [poisoned by an orc wizard]
  3457 | D:5      | HP: 16/70 [poisoned by an orc wizard]
  3463 | D:5      | HP: 18/70 [poisoned by an orc wizard]
  3471 | D:5      | HP: 21/70 [poisoned by an orc wizard]
  3996 | D:5      | Found a radiant altar of Vehumet.
  4635 | D:6      | You fall into a shaft and drop 1 floor!
  4671 | D:7      | Reached skill level 1 in Shields
  4671 | D:7      | Reached skill level 7 in Unarmed Combat
  4692 | D:7      | Reached XP level 8. HP: 60/79 MP: 9/9
  4702 | D:7      | HP: 38/79 [howler monkey (4)]
  4707 | D:7      | HP: 27/79 [poisoned by a worker ant]
  4714 | D:7      | HP: 29/79 [poisoned by a worker ant]
  4721 | D:7      | HP: 29/79 [poisoned by a worker ant]
  4729 | D:7      | HP: 32/79 [poisoned by a worker ant]
  4794 | D:7      | Reached **** piety under Lugonu
  4823 | D:7      | Got a warped jade ring
  4847 | D:7      | Identified the ring "Fesypoth" {+Inv rPois MR+ SInv} (You
                  | found it on level 7 of the Dungeon)
  5380 | D:7      | Found a snail-covered altar of Cheibriados.
  5545 | D:7      | Reached skill level 5 in Fighting
  5602 | D:7      | Reached skill level 8 in Unarmed Combat
  6244 | D:8      | Reached XP level 9. HP: 88/88 MP: 11/11
  6976 | D:9      | Reached skill level 9 in Unarmed Combat
  7142 | D:9      | Noticed a troll
  7148 | D:9      | HP: 36/89 [troll (10)]
  7151 | D:9      | HP: 13/89 [troll (15)]
  7157 | D:9      | HP: 7/133 [troll (5)]
  7158 | D:9      | Slain by a troll

Levels and vault maps discovered:
D:1:      dpeg_arrival_boxes_within_box, layout_rooms
D:2:      minmay_wonky_spiral, layout_basic, lemuel_crystal_altar,
          chequers_ecumenical_altar_grove, uniq_crazy_yiuf_cottage, uniq_robin
D:3:      layout_basic
D:4:      layout_gridville, grunt_temple_overflow_open, xom_teletrap_fun,
          minmay_temple_entry_drinking_statues, first_ration,
          ebering_ghost_reflecting_pool, minmay_shop_damaged
D:5:      layout_basic, vehumet_altar_wand_db, corexii_mini_fake_secret_closet,
          uniq_edmund
D:6:      layout_loops_ring
D:7:      minmay_opposing_rooms, layout_basic, lemuel_coloured_pillars_altar
D:8:      layout_gridville
D:9:      layout_stronghold

Skill      XL: |  1  2  3  4  5  6  7  8  9 |
---------------+----------------------------+-----
Unarmed Combat | 3 4 5 6 7 8 9 |  9.0
Fighting       | 3 4 5 |  5.6
Invocations    | 2 3 4 |  4.9
Shields        | 1 3 4 |  4.7
Dodging        | |  1.9
Evocations     | |  0.1

Action                   |  1- 3 |  4- 6 |  7- 9 || total
-------------------------+-------+-------+-------++-------
Melee: Unarmed           |    55 |   160 |   355 ||   570
       Punch             |     1 |     3 |     2 ||     6
  Use: Potion            |     1 |     1 |     1 ||     3
       Scroll            |       |     9 |     8 ||    17
 Stab: Sleeping          |       |     1 |       ||     1
  Eat: Chunk             |    12 |    24 |    35 ||    71
Armor: Robe              |    24 |    46 |   122 ||   192
Dodge: Dodged            |    31 |    61 |    72 ||   164
Block: Large shield      |       |       |   283 ||   283

Table legend:
 A = Non-vault XP
 B = Vault XP
 C = Vault XP percentage of total XP
 D = Non-vault monster count
 E = Vault monster count
 F = Vault count percentage of total count
                 A         B        C        D         E       F
            +---------+---------+-------+---------+---------+-------
      Total |    3564 |     669 |  15.8 |     161 |      27 |  14.4
            +---------+---------+-------+---------+---------+-------
        D:1 |      50 |       0 |   0.0 |      23 |       0 |   0.0
        D:2 |     137 |      82 |  37.4 |      22 |      15 |  40.5
        D:3 |     102 |       0 |   0.0 |      17 |       0 |   0.0
        D:4 |     305 |       0 |   0.0 |      14 |       0 |   0.0
        D:5 |     278 |     175 |  38.6 |      23 |       2 |   8.0
        D:6 |     358 |       0 |   0.0 |       7 |       0 |   0.0
        D:7 |     707 |     412 |  36.8 |      25 |      10 |  28.6
        D:8 |     872 |       0 |   0.0 |      13 |       0 |   0.0
        D:9 |     755 |       0 |   0.0 |      17 |       0 |   0.0
            +---------+---------+-------+---------+---------+-------
